 Dungeon Crawl Stone Soup version 0.24-a0-812-ga050431 (webtiles) character file.

Game seed: 5364321482906348406, levelgen mode: deterministic

2 DrEnzyme the Sneak (level 1, -1/10 HPs)
             Began as a Vine Stalker Wanderer on Oct 11, 2019.
             Slain by a leopard gecko (3 damage)
             ... on level 1 of the Dungeon.
             The game lasted 00:00:15 (104 turns).

DrEnzyme the Sneak (Vine Stalker Wanderer)           Turns: 104, Time: 00:00:15

Health: -1/10      AC:  3    Str: 14    XL:     1   Next: 40%
Magic:  0/2        EV: 11    Int: 12    God:
Gold:   18         SH:  0    Dex: 13    Spells: 0/0 levels left

rFire    . . .     SeeInvis .   a - +0 club
rCold    . . .     Gourm    .   (no shield)
rNeg     . . .     Faith    .   d - +0 leather armour
rPois    .         Spirit   +   (no helmet)
rElec    .         Reflect  .   (no cloak)
rCorr    .         Harm     .   (no gloves)
MR       .....                  (no boots)
Stlth    ++........             (no amulet)
HPRegen  0.03/turn              (no ring)
MPRegen  0.08/turn              (no ring)

@: no status effects
A: fangs 2, magic shield, antimagic bite, no potion heal 3, rot immunity
a: no special abilities


You were on level 1 of the Dungeon.
You were not hungry.

You visited 1 branch of the dungeon, and saw 1 of its levels.

You collected 18 gold pieces.

Inventory:

Hand Weapons
 a - a +0 club (weapon)
 e - a +0 dagger
Missiles
 b - 2 throwing nets (quivered)
Armour
 d - a +0 leather armour (worn)
Scrolls
 g - a scroll of enchant armour {unknown}
Potions
 c - 2 potions of curing
Comestibles
 f - 2 rations


   Skills:
 + Level 1.0 Fighting
   Level 1.0 Bows
 + Level 1.0 Armour
 + Level 1.0 Dodging
 + Level 3.7 Stealth
 + Level 3.0 Unarmed Combat


You couldn't memorise any spells.
You didn't know any spells.
Your spell library was empty.

Dungeon Overview and Level Annotations

Branches:
Dungeon (1/15)

Altars:


Innate Abilities, Weirdness & Mutations

You have extremely sharp teeth.
When hurt, damage is shared between your health and your magic reserves.
Your bite disrupts and absorbs the magic of your enemies.
Potions cannot restore your health.
You are immune to rotting.


Message History

A leopard gecko comes into view.
The leopard gecko hisses angrily.
The leopard gecko misses you.
You hit the leopard gecko. Your bite misses the leopard gecko.
The leopard gecko is severely wounded.
The leopard gecko closely misses you. The leopard gecko bites you.
You miss the leopard gecko.
The leopard gecko is heavily wounded.
The leopard gecko closely misses you.
You barely miss the leopard gecko. Your bite misses the leopard gecko.
The leopard gecko is heavily wounded.
The leopard gecko bites you. x2
You barely miss the leopard gecko.
The leopard gecko is heavily wounded.
The leopard gecko bites you.
* * * LOW HITPOINT WARNING * * *
You barely miss the leopard gecko.
The leopard gecko is heavily wounded.
The leopard gecko bites you.
You die...

♣.♣# ...# . ...#..
##....
###########....
...........#..#
#..........#..#
#...........@l#
#..........#....#
#..........#.#......
##........♣.♣.♣#♣.##.
##................ #
..........♣.♣.♣.♣
................
.##.......♣.♣.♣.♣
#..............#


You could see a leopard gecko.

Vanquished Creatures
  A giant cockroach (D:1)
  A frilled lizard (D:1)
  A rat (D:1)
3 creatures vanquished.

Notes
Turn   | Place    | Note
-------+----------+-------------------------------------------
     0 | D:1      | DrEnzyme the Vine Stalker Wanderer began the quest for the
                  | Orb.
     0 | D:1      | DrEnzyme set off with the following items: a +0 club, 2
                  | throwing nets, 2 potions of curing, a +0 leather armour, a
                  | +0 dagger, a ration
     0 | D:1      | Reached XP level 1. HP: 10/10 MP: 2/2
   104 | D:1      | Slain by a leopard gecko

Levels and vault maps discovered:
D:1:      lightli_iron_boxes, layout_rooms, serial_forest,
          infiniplex_forest_lined_corner, infiniplex_forest_lined_3_way,
          infiniplex_forest_lined_room_2, infiniplex_forest_lined_corner,
          hangedman_feature_mirror, interstate_on_off

Action                   || total
-------------------------++-------
Melee: Club              ||    19
       Bite              ||     4
Armor: Leather armour    ||    11
Dodge: Dodged            ||    18

Table legend:
 A = Non-vault XP
 B = Vault XP
 C = Vault XP percentage of total XP
 D = Non-vault monster count
 E = Vault monster count
 F = Vault count percentage of total count
                 A         B        C        D         E       F
            +---------+---------+-------+---------+---------+-------
      Total |       4 |       0 |   0.0 |       3 |       0 |   0.0
            +---------+---------+-------+---------+---------+-------
        D:1 |       4 |       0 |   0.0 |       3 |       0 |   0.0
            +---------+---------+-------+---------+---------+-------
